 Dungeon Crawl Stone Soup version 0.28-a0-1348-g050f3537b9 (webtiles) character file.

Game seed: 5532668400884659150

12 Deminshera the Skirmisher (level 2, 14/16 HPs)
             Began as a Vine Stalker Fighter on Dec 30, 2021.
             Quit the game on level 1 of the Dungeon.
             The game lasted 00:01:16 (541 turns).

Deminshera the Skirmisher (Vine Stalker Fighter)     Turns: 541, Time: 00:01:17

Health: 14/16      AC:  6    Str: 18    XL:     2   Next: 33%
Magic:  2/3        EV:  9    Int:  8    God:
Gold:   25         SH:  4    Dex: 13    Spells: 1/1 levels left

rFire   . . .      SeeInvis .   a - +0 flail
rCold   . . .      Faith    .   c - +0 buckler
rNeg    . . .      Spirit   +   b - +0 scale mail
rPois   .          Reflect  .   (no helmet)
rElec   .          Harm     .   (no cloak)
rCorr   .          Rampage  .   (no gloves)
Will    .....                   (no boots)
Stlth   ..........              (no amulet)
HPRegen 0.05/turn               (no ring)
MPRegen 0.08/turn               (no ring)

@: no status effects
A: fangs 2, magic shield, antimagic bite, no potion heal 2
a: no special abilities


You were on level 1 of the Dungeon.
You visited 1 branch of the dungeon, and saw 1 of its levels.

You collected 25 gold pieces.

Inventory:

Hand Weapons
 a - a +0 flail (weapon)
Armour
 b - a +0 scale mail (worn)
 c - a +0 buckler (worn)
Potions
 d - a potion of might
 e - a potion of haste {unknown}


   Skills:
 + Level 2.9 Fighting
 * Level 2.4 Maces & Flails
 - Level 2.4 Armour
 - Level 2.6 Shields


You had one spell level left.
You didn't know any spells.
Your spell library was empty.

Dungeon Overview and Level Annotations

Branches:
Dungeon (1/15)

Altars:


Innate Abilities, Weirdness & Mutations

You have extremely sharp teeth.
When hurt, damage is shared between your health and your magic reserves.
Your bite disrupts and absorbs the magic of your enemies.
Potions cannot restore your health.


Message History

You hit the rat.
You kill the rat!
No target in view!
You see here a +0 helmet.
f - a +0 helmet You start putting on your armour.
You continue putting on your +0 helmet. x4
You finish putting on your +0 helmet.
Drop what? 6/52 slots (_ for help) (? for menu, Esc to quit)
You start removing your armour.
You continue taking off your +0 helmet. x4
You finish taking off your +0 helmet.
You drop a +0 helmet.
A kobold comes into view. It is wielding a +0 short sword.
The kobold shouts!
A kobold is nearby!
An endoplasm comes into view.
You hit the kobold.
The kobold is severely wounded.
The kobold hits you but does no damage.
You closely miss the kobold. Your bite misses the kobold.
The kobold is severely wounded.
The kobold hits you with a +0 short sword.
You closely miss the kobold.
The kobold is severely wounded.
The kobold hits you but does no damage.
You completely miss the kobold. You bite the kobold, but do no damage.
The kobold is severely wounded.
You block the kobold's attack. The kobold hits you but does no damage.
You hit the kobold.
You kill the kobold!
You hit the endoplasm.
The endoplasm is severely wounded.
The endoplasm freezes you.
You are frozen.
You hit the endoplasm.
You kill the endoplasm!
No target in view!
Unknown command.
Unknown command.
Unknown command.
Unknown command.
Are you sure you want to abandon this character and quit the game? (Confirm with "yes".)

#.†...##.##..##
#'####.##..##
#######.#....##..##
.............##..##
##.####.#.##.##....
#.####.#.##.##.###
#..............# #
#....[.........# #
#@####.......#.# #
#)# ###.##..#.# #
#.# #.##..#.# # ...
#.##..#.### ...
.##..#.... .....
........ ..... ...
....... ##. ...


There were no monsters in sight!

Vanquished Creatures
  2 endoplasms (D:1)
  A hobgoblin (D:1)
  A quokka (D:1)
  2 ball pythons (D:1)
  2 frilled lizards (D:1)
  3 kobolds (D:1)
  2 rats (D:1)
13 creatures vanquished.

Notes
Turn   | Place    | Note
-------+----------+-------------------------------------------
     0 | D:1      | Deminshera the Vine Stalker Fighter began the quest for the
                  | Orb.
     0 | D:1      | Reached XP level 1. HP: 11/11 MP: 2/2
   425 | D:1      | Reached XP level 2. HP: 16/16 MP: 3/3
   541 | D:1      | Quit the game

Illustrated notes

Levels and vault maps discovered:
D:1:      ncdulo_lavacross, layout_basic

Skill      XL: |  1 |
---------------+----+-----
Maces & Flails | 2 |  2.4
Fighting       | |  2.9
Armour         | |  2.4
Shields        | |  2.6

Action                   || total
-------------------------++-------
Melee: Flail             ||    44
       Bite              ||     5
Armor: Scale mail        ||    17
Dodge: Dodged            ||    18
Block: Buckler           ||    13

Table legend: (Time is in decaauts)
 A = Elapsed time spent in this place.
 B = Non-inter-level travel time spent in this place.
 C = Inter-level travel time spent in this place.
 D = Time resting spent in this place.
 E = Time spent auto-exploring this place.
 F = Levels seen in this place.
 G = Mean time per level.
                   A        B        C        D        E       F      G
               +--------+--------+--------+--------+--------+-----+--------+
         Total |    556 |    556 |      0 |    298 |    155 |   1 |  556.0 |
       Dungeon |    556 |    556 |      0 |    298 |    155 |   1 |  556.0 |
               +--------+--------+--------+--------+--------+-----+--------+

Top non-repeatable levels by time:
     D:1: 556 daAuts
